 Dungeon Crawl Stone Soup version 0.29-a0-330-g52719c12eb (webtiles) character file.

Game seed: 11361069932535261941

1841 Aelig the Martial Artist (level 8, -7/53 HPs)
             Began as a Vampire Transmuter on May 12, 2022.
             Mangled by a wraith (10 damage)
             ... on level 7 of the Dungeon.
             The game lasted 00:18:06 (5355 turns).

Aelig the Martial Artist (Vampire Transmuter)       Turns: 5355, Time: 00:18:07

Health: -7/53      AC:  9    Str:  9    XL:     8   Next: 87%
Magic:  10/11      EV: 12    Int: 18    God:
Gold:   418        SH:  5    Dex: 14    Spells: 5/11 levels left

rFire   . . .      SeeInvis +     - Unarmed
rCold   . . .      Faith    .   (no shield)
rNeg    . . .      Spirit   .   a - +0 robe
rPois   .          Reflect  +   (helmet currently unavailable)
rElec   .          Harm     .   (no cloak)
rCorr   .          Rampage  .   o - +2 pair of gloves
Will    .....                   (boots currently unavailable)
Stlth   +.........              w - amulet of reflection
HPRegen 0.37/turn               A - +4 ring of protection
MPRegen 0.12/turn               (no ring)

@: appendages (expiring), wereblooded, healing quickly
A: horns 2, talons 2, alive, fangs 3, see invisible, vampiric 2
a: Exsanguinate, End Transformation


You were on level 7 of the Dungeon.
You had temporarily grown beastly horns and talons.
You visited 2 branches of the dungeon, and saw 8 of its levels.

You collected 451 gold pieces.
You spent 33 gold pieces at shops.

Inventory:

Missiles
 c - 159 stones (quivered)
Armour
 a - a +0 robe (worn)
 o - a +2 pair of gloves (worn)
 x - a +2 helmet (melded)
 D - a +2 pair of boots (melded)
Magical Staves
 n - a staff of earth
Jewellery
 w - an amulet of reflection (around neck)
 A - a +4 ring of protection (left hand)
Scrolls
 e - 2 scrolls of magic mapping
 f - a scroll of vulnerability {unknown}
 h - 4 scrolls of blinking {unknown}
 p - 2 scrolls of summoning {unknown}
 q - 2 scrolls of immolation {unknown}
 s - 2 scrolls of teleportation
 t - 2 scrolls of fog {unknown}
 u - a scroll of enchant weapon {unknown}
 v - a scroll of fear {unknown}
 y - 4 scrolls of identify
 B - a scroll of enchant armour {unknown}
Potions
 b - a potion of ambrosia {unknown}
 d - a potion of mutation {unknown}
 g - 2 potions of attraction {unknown}
 j - 3 potions of flight {unknown}
 k - 2 potions of resistance {unknown}
 l - 6 potions of curing
 m - 3 potions of cancellation
 r - 2 potions of magic
 z - a potion of heal wounds {unknown}
 C - a potion of brilliance {unknown}


   Skills:
 - Level 0.8 Fighting
 - Level 2.1 Dodging
 * Level 10.3 Unarmed Combat
 - Level 2.0 Spellcasting
 + Level 7.2 Transmutations
 - Level 3.0 Poison Magic


You had 5 spell levels left.
You knew the following spells:

 Your Spells              Type           Power      Damage    Failure   Level
a - Beastly Appendage     Tmut           54%        N/A       1%          1
b - Wereblood             Tmut           27%        N/A       1%          2
c - Spider Form           Tmut/Pois      20%        N/A       7%          3

Your spell library contained the following spells:

 Spells                   Type           Power      Damage    Failure   Level
 Ice Form                 Ice/Tmut       14%        N/A       38%         4


Dungeon Overview and Level Annotations

Branches:
Dungeon (7/15)             Temple (1/1) D:5

Altars:
Dithmenos
Fedhas
Gozag
Kikubaaqudgha
Nemelex Xobeh
Okawaru
Qazlal
Ru
Trog
Uskayaw
Xom
Yredelemnul
The Shining One

Shops:
D:3 *   D:4 ==

Annotations:
D:7 Prince Ribbit


Innate Abilities, Weirdness & Mutations

You have temporarily grown beastly horns and talons.
Your natural rate of healing is accelerated.
You have razor-sharp teeth.
You have supernaturally acute eyesight. (SInv)
You are afflicted with vampirism and can become a bat while bloodless.


Message History

Your transformation is almost over.
The vampire mosquito closely misses you.
You closely miss the vampire mosquito. Your kick misses the vampire mosquito.
Your headbutt misses the vampire mosquito.
The vampire mosquito is severely damaged.
The vampire mosquito bites you.
* * * LOW HITPOINT WARNING * * *
The vampire mosquito draws strength from your injuries!
The vampire mosquito misses you.
You punch the vampire mosquito! Your kick misses the vampire mosquito.
Your headbutt misses the vampire mosquito.
The vampire mosquito is almost destroyed.
The vampire mosquito bites you but does no damage.
The wraith hits you but does no damage.
You block the vampire mosquito's attack.
You feel better. The vampire mosquito bites you.
* * * LOW HITPOINT WARNING * * *
The vampire mosquito draws strength from your injuries!
You block the wraith's attack.
You hit the vampire mosquito.
You feel a bit better.
You destroy the vampire mosquito!
The wraith closely misses you.
You hit the wraith.
You headbutt the wraith, but do no damage.
The wraith is lightly damaged.
You hit the wraith.
The wraith is lightly damaged.
The wraith hits you.
* * * LOW HITPOINT WARNING * * *
You punch the wraith! Your headbutt misses the wraith.
You punch the wraith, but do no damage.
The wraith is moderately damaged.
You howl as the wereblood boils in your veins!
You hear an angry hiss.
The wraith hits you!
* * * LOW HITPOINT WARNING * * *
You hit the wraith but do no damage. You claw the wraith.
The wraith is heavily damaged.
The wraith hits you!
You die...

......#.. . ... . .........
.# .#. . ........###.#
###.#.###.
............#.....#.....
............. #.. ..#..
...........###.#.###.#.#
...............#.....#..
.......$W......C..#C....
?......@#.....###.#.###.
#...#....##........#.....
........................#..
....................###.#.#
........................#..
...........................
F..........................
..................#........
..................######.##


You could see a wraith.

Vanquished Creatures
  2 vampire mosquitoes (D:7)
  An orc warrior (D:7)
  A black bear (D:5)
  A sky beast (D:7)
  An ogre (D:4)
  An ice beast (D:7)
  A phantom (D:7)
  2 bullfrogs (D:6)
  A necrophage (D:4)
  A scorpion (D:5)
  4 wights (D:6)
  2 howler monkeys
  A gnoll shaman (D:7)
  2 hounds
  2 jellies
  2 iguanas
  4 orc wizards
  Robin (D:3)
  4 gnolls (D:4)
  4 adders
  A shadow imp (D:6)
  2 white imps (D:7)
  3 ufetubi
  A worm (D:4)
  3 dart slugs
  7 orcs
  4 ball pythons
  7 endoplasms
  7 giant cockroaches
  17 goblins
  9 hobgoblins
  8 jackals
  3 kobolds
  7 quokkas
  5 bats
  14 frilled lizards
  8 rats
144 creatures vanquished.

Vanquished Creatures (others)
  6 plants (D:1)
6 creatures vanquished.

Grand Total: 150 creatures vanquished

Notes
Turn   | Place    | Note
-------+----------+-------------------------------------------
     0 | D:1      | Aelig the Vampire Transmuter began the quest for the Orb.
     0 | D:1      | Reached XP level 1. HP: 14/14 MP: 3/3
   260 | D:1      | Reached XP level 2. HP: 18/20 MP: 3/5
   263 | D:1      | Learned a level 2 spell: Wereblood
   513 | D:1      | Reached skill level 4 in Unarmed Combat
   922 | D:1      | Gained mutation: You are afflicted with vampirism and can
                  | become a bat while bloodless. [Vampire growth]
   922 | D:1      | Reached XP level 3. HP: 25/25 MP: 2/6
  1779 | D:3      | Learned a level 3 spell: Spider Form
  1787 | D:3      | Reached XP level 4. HP: 31/31 MP: 3/7
  1891 | D:3      | Found Zamiudghu's General Store.
  1894 | D:3      | Bought a scroll of teleportation for 33 gold pieces
  2025 | D:3      | Found a faded altar of an unknown god.
  2119 | D:3      | Noticed Robin
  2127 | D:3      | Reached skill level 5 in Unarmed Combat
  2135 | D:3      | Killed Robin
  2432 | D:4      | Reached skill level 1 in Poison Magic
  2432 | D:4      | Reached XP level 5. HP: 31/36 MP: 5/8
  2476 | D:4      | Reached skill level 6 in Unarmed Combat
  2569 | D:4      | Reached XP level 6. HP: 42/42 MP: 6/9
  2598 | D:4      | You fall into a shaft and drop 2 floors!
  2694 | D:5      | Entered Level 5 of the Dungeon
  2750 | D:5      | Found a staircase to the Ecumenical Temple.
  2766 | Temple   | Entered the Ecumenical Temple
  3097 | D:4      | Reached skill level 7 in Unarmed Combat
  3097 | D:4      | Reached XP level 7. HP: 47/47 MP: 8/10
  3177 | D:4      | Found Zoupe's Jewellery Boutique.
  3311 | D:4      | Found Neunit's Jewellery Shop.
  3639 | D:5      | Found a bloodstained altar of Trog.
  3665 | D:5      | Reached skill level 5 in Transmutations
  4260 | D:6      | Reached skill level 8 in Unarmed Combat
  4267 | D:6      | Reached XP level 8. HP: 20/52 MP: 8/11
  4400 | D:6      | Found an opulent altar of Gozag.
  5018 | D:7      | Found an ancient bone altar of Kikubaaqudgha.
  5076 | D:7      | Reached skill level 9 in Unarmed Combat
  5166 | D:7      | Noticed a cyclops
  5318 | D:7      | Noticed Prince Ribbit
  5344 | D:7      | Reached skill level 10 in Unarmed Combat
  5355 | D:7      | Mangled by a wraith

Illustrated notes

Levels and vault maps discovered:
D:1:      matt_arrival_spirals, layout_basic, minmay_lizard_king
D:2:      layout_rooms, serial_glass, glass_columns_a, glass_columns_a,
          glass_columns_b, glass_columns_a, glass_columns_a, glass_columns_c,
          chequers_serial_rivers_micro_c, serial_park_tiny_pond
D:3:      layout_loops_ring, nicolae_tso_carved_into_rock, serial_shops,
          nicolae_shop_behind_doors, ebering_ecumenical_altar_sacrificial,
          uniq_robin
D:4:      layout_cave_pools, serial_shops, nicolae_shop_statue_plus,
          minmay_misc_feat_doors, minmay_shop_enchanted_jewellery
D:5:      layout_rooms, bloody_trog, minmay_temple_entry_statues_pillars
D:6:      layout_basic, grunt_gozag_breadcrumbs
D:7:      hangedman_cross_stitches, layout_basic, elyvilon_altar_3,
          kiku_gazebo_pond_becter, mainiacjoe_overflow_alcove_2, enter_bailey_6,
          st_stairs_4, uniq_prince_ribbit1
Temple:   compressed_dpeg_triangle_lava_temple

Skill      XL: |  1  2  3  4  5  6  7  8 |
---------------+-------------------------+-----
Unarmed Combat | 4 5 6 7 8 10 | 10.3
Transmutations | 3 4 5 7 |  7.2
Poison Magic   | 1 2 3 |  3.0
Fighting       | |  0.8
Dodging        | |  2.1
Spellcasting   | |  2.0

Action                   |  1- 3 |  4- 6 |  7- 9 || total
-------------------------+-------+-------+-------++-------
Melee: Unarmed           |   123 |   128 |   175 ||   426
       Headbutt          |    15 |    12 |    23 ||    50
       Kick              |    15 |    17 |    47 ||    79
       Bite              |     8 |    11 |    18 ||    37
       Punch             |     4 |     2 |     7 ||    13
 Cast: Beastly Appendage |    28 |    16 |    21 ||    65
       Wereblood         |    18 |     8 |    10 ||    36
       Spider Form       |       |     2 |       ||     2
  Use: Scroll            |       |     6 |       ||     6
       Potion            |       |       |     2 ||     2
 Stab: Sleeping          |     1 |       |       ||     1
Armor: Robe              |    19 |    36 |    29 ||    84
       Skin              |       |       |     3 ||     3
Dodge: Dodged            |    67 |    83 |    75 ||   225
Block: Other             |       |     2 |    37 ||    39
       Reflection        |       |       |     1 ||     1

Table legend: (Time is in decaauts)
 A = Elapsed time spent in this place.
 B = Non-inter-level travel time spent in this place.
 C = Inter-level travel time spent in this place.
 D = Time resting spent in this place.
 E = Time spent auto-exploring this place.
 F = Levels seen in this place.
 G = Mean time per level.
                   A        B        C        D        E       F      G
               +--------+--------+--------+--------+--------+-----+--------+
         Total |   5306 |   5112 |    194 |    220 |   2942 |   8 |  663.2 |
       Dungeon |   5029 |   4835 |    194 |    220 |   2749 |   7 |  718.4 |
        Temple |    276 |    276 |      0 |      0 |    193 |   1 |  276.0 |
               +--------+--------+--------+--------+--------+-----+--------+

Top non-repeatable levels by time:
     D:1: 1027 daAuts
     D:6: 953 daAuts
     D:3: 875 daAuts
     D:4: 738 daAuts
     D:5: 571 daAuts
     D:2: 522 daAuts
     D:7: 342 daAuts
  Temple: 276 daAuts
